 Dungeon Crawl Stone Soup version 0.18-a0-1123-gbd92598 (webtiles) character file.

1267 M4edhros the Sneak (level 8, -3/48 HPs)
             Began as an Octopode Artificer on Jan 18, 2016.
             Was a Follower of Fedhas.
             Slain by an orc warrior
             ... wielding a +3 halberd
              (21 damage)
             ... on level 6 of the Dungeon on Jan 19, 2016.
             The game lasted 00:12:20 (5681 turns).

M4edhros the Sneak (Octopode Artificer)             Turns: 5681, Time: 00:12:21

Health: -3/48      AC:  1    Str: 10    XL:     8   Next: 52%
Magic:  0/12       EV: 14    Int: 16    God:    Fedhas [*.....]
Gold:   276        SH:  0    Dex: 13    Spells: 0 memorised, 7 levels left

rFire  . . .     SeeInvis .     G - +1 short sword (elec)
rCold  . . .     Gourm    .     (no shield)
rNeg   . . .     Faith    .     (helmet restricted)
rPois  +         Spirit   +     A - amulet of guardian spirit
rElec  .         Dismiss  .     i - ring of stealth
rCorr  .         Reflect  .     t - ring of protection from magic
SustAt .         Harm     .     u - ring of poison resistance
MR     +....                    (no ring)
Stlth  ++++++....               (no ring)
                                (no ring)
                                (no ring)
                                (no ring)

@: drained, somewhat resistant to hostile enchantments, very stealthy
A: almost no armour, amphibious, 8 rings, constrict 8, camouflage 1, gelatinous
body 1, evolution 1
a: Evolution, Renounce Religion


You were on level 6 of the Dungeon.
You worshipped Fedhas.
Fedhas was aware of your devotion.
You were near starving.

You visited 1 branch of the dungeon, and saw 6 of its levels.

You collected 276 gold pieces.

Inventory:

Hand Weapons
 f - a +0 blowgun
 w - a +0 hunting sling
 E - a +1 whip of draining
 G - a +1 short sword of electrocution (weapon)
Missiles
 j - 11 sling bullets of flame
 q - 42 stones (quivered)
 y - 22 sling bullets
 z - 48 poisoned needles
 I - 8 needles of slowing
Jewellery
 i - a ring of stealth (left tentacle)
 o - an uncursed amulet of rage
 t - a ring of protection from magic (right tentacle)
 u - a ring of poison resistance (on tentacle)
 v - an uncursed ring of ice
 A - an amulet of guardian spirit (around mantle)
Wands
 b - a wand of flame (3/48)
 c - a wand of enslavement (3/24)
 d - a wand of random effects (4/48)
Scrolls
 e - 2 scrolls of noise {unknown}
 k - 2 scrolls of teleportation {unknown}
 l - 7 scrolls of identify {unknown}
 p - a scroll of blinking {unknown}
 r - 2 scrolls of enchant weapon {unknown}
 s - a scroll of recharging {unknown}
 x - 3 scrolls of random uselessness {unknown}
 B - 4 scrolls of remove curse {unknown}
 C - a scroll of enchant armour {unknown}
Potions
 h - 4 potions of might
 H - a potion of curing
Books
 D - a book of Callings

   Spells                             Type                      Level
   a - Summon Small Mammal            Summoning                    1
   b - Call Imp                       Summoning                    2
   c - Call Canine Familiar           Summoning                    3
   d - Summon Guardian Golem          Hexes/Summoning              3
   e - Summon Lightning Spire         Summoning/Air                4
   f - Summon Ice Beast               Ice/Summoning                4
Comestibles
 a - a bread ration
 g - 3 slices of pizza
 m - 3 fruits
 n - 3 beef jerkies
 F - a meat ration


   Skills:
 - Level 1.0(0.9) Fighting
 - Level 1.0(0.9) Short Blades
 + Level 3.5(3.4) Slings
 + Level 5.3(5.2) Dodging
 + Level 7.2(7.1) Stealth
 + Level 3.9(3.8) Invocations
 + Level 5.9(5.8) Evocations


You had 7 spell levels left.
You didn't know any spells.

Dungeon Overview and Level Annotations

Branches:
Dungeon (6/15)
 Temple: D:4-7

Altars:
Fedhas
Pakellas
Qazlal
Xom
Yredelemnul
The Shining One

Shops:
D:4 [


Innate Abilities, Weirdness & Mutations

You cannot wear most types of armour.
You are amphibious.
You can wear up to eight rings at the same time.
You can use your tentacles to constrict eight enemies at once.
Your skin changes colour to match your surroundings (Stealth).
Your rubbery body absorbs attacks (AC +1).
You evolve.


Message History

The orc warrior hits your wandering mushroom with an enchanted halberd!
Your wandering mushroom is destroyed!
You feel a little guilty.
Evoke which item? (* to show all) (? for menu, Esc to quit)
Zapping:
d - a wand of random effects (5/48)
Press: ? - help, Shift-Dir - straight line, f/p - orc warrior
Aim: an orc warrior, wielding an enchanted halberd and wearing a glowing plate armour (heavily wounded) Fedhas protects your plant from harm.
The orc warrior seems to speed up.
This wand has 4 charges left.
Your wandering mushroom releases spores at the orc warrior but does no damage.
Evoke which item? (* to show all) (? for menu, Esc to quit)
Zapping:
c - a wand of enslavement (4/24)
Press: ? - help, Shift-Dir - straight line, f/p - orc warrior
Aim: an orc warrior, wielding an enchanted halberd and wearing a glowing plate armour (heavily wounded, fast, chance to defeat MR: 58%) Fedhas protects your plant from harm.
The orc warrior resists with almost no effort.
This wand has 3 charges left.
The orc warrior hits you from afar with an enchanted halberd!!
You die...
Fedhas appreciates your contribution to the ecosystem.

... ..# ..$ #.# #Z#
#.## #.# #####...##
#.# .....#..# #.#
#..##.. #o# #...##
#####f###########z#.o.
#...f@....[.......o.zo
#....Y..#########.#...
#......## #.#...
#####..## ######.##..
#...# ##..[...#...
####..###.<.[.......
##...................
##...)...[..........!.
#.............).......


You could see an orc warrior, an ice beast, a quokka skeleton and 2 friendly
wandering mushrooms.

Vanquished Creatures
  The ghost of Chiseanne the Skirmisher, an amateur CeAE (D:3)
  Edmund (D:6)
  An orc warrior (D:5)
  A centaur (D:3)
  2 scorpions (D:5)
  3 wights (D:6)
  2 crimson imps (D:5)
  A hound (D:4)
  An orc wizard (D:6)
  An iguana (D:5)
  5 worker ants
  7 gnolls
  3 adders
  A shadow imp (D:4)
  A worm (D:4)
  5 giant geckos
  13 orcs
  7 bats
  7 giant cockroaches
  6 goblins
  12 hobgoblins
  8 jackals
  3 quokkas
  4 ball pythons
  A giant gecko skeleton (D:6)
  2 giant newts
  6 kobolds
  3 quokka skeletons (D:5)
  4 rats
112 creatures vanquished.

Vanquished Creatures (collateral kills)
  An ice beast (D:6)
  A sky beast (D:6)
  A centaur skeleton (D:4)
  A river rat (D:6)
  3 orcs (D:6)
7 creatures vanquished.

Vanquished Creatures (others)
  2 wandering mushrooms (D:6)
  An adder (D:4)
  65 toadstools
68 creatures vanquished.

Grand Total: 187 creatures vanquished

Notes
Turn   | Place    | Note
--------------------------------------------------------------
     0 | D:1      | M4edhros the Octopode Artificer began the quest for the Orb.
     0 | D:1      | Reached XP level 1. HP: 13/13 MP: 3/3
   284 | D:1      | Reached XP level 2. HP: 15/18 MP: 4/4
   587 | D:2      | Found an oddly glowing altar of Pakellas.
   638 | D:2      | Reached XP level 3. HP: 19/23 MP: 5/5
   991 | D:3      | Reached XP level 4. HP: 20/28 MP: 6/6
  1008 | D:3      | Reached skill level 4 in Evocations
  1064 | D:3      | Noticed Chiseanne's ghost (amateur CeAE)
  1405 | D:4      | Found Hyakhlaehi's Antique Armour Boutique.
  1442 | D:4      | Found a blossoming altar of Fedhas.
  1447 | D:4      | Found a stormy altar of Qazlal.
  1448 | D:4      | Upgraded the game from 0.18-a0-1121-gb454403 to 0.18-a0-1123-gbd92598
  1451 | D:4      | Became a worshipper of Fedhas Madash
  1603 | D:2      | Reached XP level 5. HP: 9/33 MP: 8/8
  2068 | D:2      | Found a shimmering altar of Xom.
  2144 | D:2      | Fell from the grace of Fedhas
  2144 | D:2      | Became a worshipper of Xom of Chaos
  2284 | D:4      | Fell from the grace of Xom
  2284 | D:4      | Became a worshipper of Fedhas Madash
  2859 | D:2      | XOM: give mutation
  2859 | D:2      | Gained mutation: You occasionally shout uncontrollably at your foes. [Xom's mischief]
  3076 | D:3      | XOM: blink monster(s)
  3092 | D:3      | Reached skill level 1 in Slings
  3096 | D:3      | Reached * piety under Fedhas
  3121 | D:3      | Found an oddly glowing altar of Pakellas.
  3242 | D:3      | XOM: give mutations
  3242 | D:3      | Gained mutation: You have supernaturally acute eyesight. [Xom's mischief]
  3242 | D:3      | Gained mutation: You are dopey. (Int -2) [Xom's mischief]
  3242 | D:3      | Gained mutation: Your magical capacity is low (-10% MP). [Xom's mischief]
  3242 | D:3      | Gained mutation: You evolve. [Xom's mischief]
  3279 | D:3      | Killed Chiseanne's ghost
  3279 | D:3      | Reached skill level 5 in Stealth
  3279 | D:3      | Reached skill level 1 in Invocations
  3279 | D:3      | Reached XP level 6. HP: 23/38 MP: 8/8
  3984 | D:1      | XOM: noise
  4042 | D:3      | XOM: mild Ice miscast
  4136 | D:4      | Reached XP level 7. HP: 37/43 MP: 9/9
  4143 | D:4      | XOM: mild Hex miscast
  4242 | D:4      | Found a glowing golden altar of the Shining One.
  4492 | D:4      | Reached skill level 6 in Stealth
  4576 | D:5      | XOM: noise
  4576 | D:5      | Entered Level 5 of the Dungeon
  4818 | D:5      | Lost mutation: You are dopey. (Int -2) [potion of cure mutation]
  4818 | D:5      | Lost mutation: You occasionally shout uncontrollably at your foes. [potion of cure mutation]
  4818 | D:5      | Lost mutation: You have supernaturally acute eyesight. [potion of cure mutation]
  4818 | D:5      | Lost mutation: Your magical capacity is low (-10% MP). [potion of cure mutation]
  4818 | D:5      | XOM: summons 2 hostile demons
  4910 | D:5      | Reached skill level 5 in Evocations
  5128 | D:5      | Found a basalt altar of Yredelemnul.
  5268 | D:5      | Reached XP level 8. HP: 39/48 MP: 9/12
  5272 | D:6      | Noticed Edmund
  5276 | D:6      | Killed Edmund
  5276 | D:6      | Reached skill level 5 in Dodging
  5345 | D:6      | Reached skill level 7 in Stealth
  5681 | D:6      | Slain by an orc warrior

Vault maps used:
D:1:      scummos_arrival_checkerplants, serial_curves, eino_curves_02,
          eino_curves_04, eino_curves_02, serial_bayou_pond_a,
          hangedman_decor_opposing, minmay_crystal_room
D:2:      lemuel_doored_altar, overflow_temple_1_default,
          kennysheep_generic_room_7
D:3:      dk_noncrumbling_3, grunt_pakellas_basics
D:4:      grunt_temple_overflow_forces_of_nature, nicolae_tso_carved_into_rock,
          serial_shops, shop
D:5:      first_bread, yredelemnul_altar_generic
D:6:      kennysheep_kobold_camp, gup_sewer_entry_bowl, uniq_edmund

Action                   |  1- 3 |  4- 6 |  7- 9 || total
-------------------------+-------+-------+-------++-------
Melee: Short sword       |    48 |   112 |    89 ||   249
Invok: Evolution         |       |     1 |     4 ||     5
Evoke: Wand              |     1 |    22 |    12 ||    35
  Use: Potion            |       |     7 |     4 ||    11
 Stab: Sleeping          |     5 |    14 |     6 ||    25
       Distracted        |       |     2 |     1 ||     3
  Eat: Chunk             |       |     3 |       ||     3
       Bread ration      |       |     1 |       ||     1
       Royal jelly       |       |     1 |       ||     1
       Meat ration       |       |       |     1 ||     1
